[ PARTIDA AOE2 · #483248902 ]
1v1 RMFrancos vs Ethiopians
Equipo del jugador · VICT
Equipo rival · DERR
[ ANÁLISIS DE REPETICIÓN · EXTRAÍDO DE LA PARTIDA GRABADA ]
Feudal
9:54
Castillos
—
Imperial
—
| APM promedio | 28.2 |
| APM pico | 45 |
| eAPM promedio | 10.3 |
| Aldeanos / militares | 23 / 9 |
Foco
⚔️ 16.2% · 🌾 83.8%
Scout Cavalry ×9
Feudal
11:31
Castillos
—
Imperial
—
| APM promedio | 24.3 |
| APM pico | 63 |
| eAPM promedio | 13.5 |
| Aldeanos / militares | 24 / 0 |
Foco
⚔️ 13.7% · 🌾 86.3%
Mapa de la partida
Recursos al inicio + cada clic de construcción. Línea gruesa = muro · recuadro discontinuo = muro de casas detectado. 🟡 oro · ⚪ piedra · 🟢 bayas · 🔶 jabalí · ⭕ reliquia
Inputs por minuto
— jacob - - harveyjsellick
Build order — jacob
58 acciones detectadas en el replay
| 0:00 | Crear | Villager (Male) |
| 0:01 | Crear | Villager (Male) |
| 0:01 | Crear | Villager (Male) |
| 0:01 | Crear | Villager (Male) |
| 0:05 | Construir | House |
| 0:07 | Construir | House |
| 1:33 | Crear | Villager (Male) |
| 1:44 | Construir | Lumber Camp |
| 2:09 | Crear | Villager (Male) |
| 2:21 | Crear | Villager (Male) |
| 2:52 | Crear | Villager (Male) |
| 2:52 | Crear | Villager (Male) |
| 3:13 | Crear | Villager (Male) |
| 3:46 | Crear | Villager (Male) |
| 4:06 | Investigar | Loom |
| 4:18 | Construir | House |
| 4:22 | Construir | House |
| 4:30 | Crear | Villager (Male) |
| 4:53 | Crear | Villager (Male) |
| 4:54 | Crear | Villager (Male) |
| 4:54 | Crear | Villager (Male) |
| 5:02 | Construir | Mill |
| 7:01 | Crear | Villager (Male) |
| 7:44 | Investigar | Feudal Age |
| 8:01 | Crear | Villager (Male) |
| 8:24 | Crear | Villager (Male) |
| 8:39 | Construir | Barracks |
| 9:18 | Construir | House |
| 9:54 | Edad | Edad Feudal |
| 9:56 | Investigar | Double-Bit Axe |
| 10:03 | Construir | Stable |
| 10:08 | Crear | Villager (Male) |
| 10:41 | Construir | Mill |
| 11:08 | Construir | Farm |
| 11:10 | Crear | Scout Cavalry |
| 11:10 | Crear | Scout Cavalry |
| 11:11 | Crear | Scout Cavalry |
| 11:11 | Crear | Scout Cavalry |
| 11:24 | Construir | Stone Wall |
| 11:26 | Construir | Building 673 |
| 11:30 | Construir | Farm |
| 11:31 | Crear | Villager (Male) |
| 11:56 | Crear | Villager (Male) |
| 11:59 | Construir | Farm |
| 12:04 | Construir | House |
| 12:08 | Construir | Stone Wall |
| 12:10 | Construir | Building 490 |
| 12:16 | Construir | House |
| 12:34 | Crear | Villager (Male) |
| 13:17 | Crear | Scout Cavalry |
| 13:37 | Construir | Farm |
| 13:38 | Crear | Villager (Male) |
| 13:40 | Construir | Lumber Camp |
| 13:43 | Construir | Mining Camp |
| 14:14 | Crear | Scout Cavalry |
| 14:14 | Crear | Scout Cavalry |
| 14:14 | Crear | Scout Cavalry |
| 14:15 | Crear | Scout Cavalry |
Build order — harveyjsellick
45 acciones detectadas en el replay
| 0:02 | Construir | House |
| 0:04 | Construir | House |
| 0:22 | Crear | Villager (Male) |
| 0:23 | Crear | Villager (Male) |
| 0:23 | Crear | Villager (Male) |
| 0:23 | Crear | Villager (Male) |
| 1:28 | Crear | Villager (Male) |
| 2:18 | Construir | Lumber Camp |
| 2:23 | Crear | Villager (Male) |
| 2:44 | Crear | Villager (Male) |
| 2:58 | Construir | House |
| 3:10 | Crear | Villager (Male) |
| 3:24 | Crear | Villager (Male) |
| 4:07 | Crear | Villager (Male) |
| 4:31 | Crear | Villager (Male) |
| 4:38 | Construir | Mill |
| 4:45 | Crear | Villager (Male) |
| 5:08 | Crear | Villager (Male) |
| 5:32 | Crear | Villager (Male) |
| 5:40 | Construir | House |
| 6:26 | Crear | Villager (Male) |
| 6:28 | Crear | Villager (Male) |
| 6:28 | Investigar | Loom |
| 7:06 | Crear | Villager (Male) |
| 7:26 | Construir | Mill |
| 7:30 | Crear | Villager (Male) |
| 7:31 | Crear | Villager (Male) |
| 7:45 | Construir | Farm |
| 7:52 | Construir | Farm |
| 8:10 | Crear | Villager (Male) |
| 8:17 | Construir | Farm |
| 8:36 | Construir | Farm |
| 8:40 | Crear | Villager (Male) |
| 9:01 | Construir | Farm |
| 9:19 | Investigar | Feudal Age |
| 9:24 | Construir | Farm |
| 10:02 | Construir | House |
| 11:16 | Investigar | Loom |
| 11:31 | Edad | Edad Feudal |
| 11:33 | Crear | Villager (Male) |
| 11:33 | Crear | Villager (Male) |
| 11:45 | Construir | Blacksmith |
| 11:59 | Crear | Villager (Male) |
| 12:09 | Construir | Market |
| 12:57 | Investigar | Castle Age |
Cronología de la partida
| 8:39 | jacob · first_building Barracks |
| 9:54 | jacob · age_up feudal |
| 10:03 | jacob · first_building Stable |
| 11:24 | jacob · wall_segment Stone Wall x11 |
| 11:31 | harveyjsellick · age_up feudal |
| 12:08 | jacob · wall_segment Stone Wall x8 |
| 14:18 | harveyjsellick · resign |
[ ANÁLISIS IA · 1 CRÉDITO ]
¿Qué pasó realmente en esta partida?
Wolo.gg analiza cada decisión: build order, eco, micro, errores típicos por bracket. Análisis personalizado por WhatsApp o Discord en 30 segundos.
Guía civ
Francos
Guía mapa
Kilimanjaro
Perfil
jacob